 Dungeon Crawl Stone Soup version 0.30-a0-779-g7971cf19c3 (webtiles) character file.

Game seed: 11001160224946220975

144 Firecrotchwizard the Chopper (level 5, -1/47 HPs)
             Began as a Hill Orc Monk on Feb 18, 2023.
             Was a Believer of Beogh.
             Slain by a gnoll
             ... wielding a +0 spear
              (3 damage)
             ... on level 4 of the Dungeon.
             The game lasted 00:04:19 (1484 turns).

Firecrotchwizard the Chopper (Hill Orc Monk)        Turns: 1484, Time: 00:04:19

Health: -1/47      AC:  7    Str: 16    XL:     5   Next: 27%
Magic:  5/5        EV: 10    Int: 10    God:    Beogh [**....]
Gold:   73         SH:  0    Dex: 13    Spells: 4/4 levels left

rFire   . . .      SeeInvis .    h - +2 dagger (venom)
rCold   . . .      Faith    .    (no shield)
rNeg    . . .      Spirit   .    p - +0 scale mail
rPois   .          Reflect  .    (no helmet)
rElec   .          Harm     .    (no cloak)
rCorr   .          Rampage  .    g - +0 pair of gloves
Will    .....                    (no boots) Stlth
                                 (no amulet)
HPRegen 0.27/turn                (no ring)
MPRegen 0.09/turn                (no ring)

@: no status effects
A: no striking features
a: Renounce Religion, Smiting


You were on level 4 of the Dungeon.
You worshipped Beogh.
Beogh was pleased with you.
You visited 1 branch of the dungeon, and saw 4 of its levels.

You collected 73 gold pieces.

Inventory:

Hand Weapons
 a - a +0 hand axe
 h - a +2 dagger of venom (weapon)
   (You took it off an orc on level 4 of the Dungeon)
 j - a +0 war axe
   (You took it off an orc on level 3 of the Dungeon)
 n - a +2 short sword of electrocution
   (You took it off a kobold on level 3 of the Dungeon)
Missiles
 f - 5 boomerangs
 m - 13 poisoned darts
 s - 36 stones (quivered)
Armour
 b - a +0 robe
 d - a +0 ring mail
   (You found it on level 1 of the Dungeon)
 g - a +0 pair of gloves (worn)
   (You found it on level 2 of the Dungeon)
 p - a +0 scale mail (worn)
   (You found it on level 3 of the Dungeon)
Jewellery
 c - a ring of ice {rC+, rF-}
   (You found it on level 2 of the Dungeon)
 I - a +6 ring of intelligence
   (You found it on level 3 of the Dungeon)
Scrolls
 K - a scroll of immolation {!r}
Potions
 e - a potion of brilliance {unknown}
 o - a potion of resistance {unknown}
 G - a potion of ambrosia {!q}
 M - a potion of magic


   Skills:
 + Level 4.9 Fighting
 * Level 6.7 Axes
 - Level 2.4 Dodging
 - Level 1.5 Stealth


You had 4 spell levels left.
You didn't know any spells.
Your spell library was empty.

Dungeon Overview and Level Annotations

Branches:
Dungeon (4/15)
 Temple: D:4-7

Altars:
Ashenzari
Dithmenos
Yredelemnul

Shops:
D:4 !


Message History

You hit the orc.
You kill the orc!
Beogh accepts your kill.
You see here a +0 mace.
Found a stone staircase leading up.
Health restored: 41
There is a stone staircase leading up here.
You now have 36 gold pieces (gained 5).
You now have enough gold to buy a potion of curing on this level.
You now have 60 gold pieces (gained 24).
An orc comes into view. It is wielding a +2 dagger of venom.
The orc shouts!
You hit the orc. The orc barely misses you.
You closely miss the orc. The orc hits you but does no damage.
You are poisoned.
You closely miss the orc.
You feel sick. The orc closely misses you.
You take 2 damage, and have 39/41 hp.
You hit the orc.
You kill the orc!
Beogh accepts your kill.
You feel sick.
You take 2 damage, and have 37/41 hp.
You feel sick.
You now have 73 gold pieces (gained 13).
e - a clear potion You see here a +2 dagger of venom.
You feel sick.
You take 1 damage, and have 36/41 hp.
h - a +2 dagger of venom You feel sick.
You take 1 damage, and have 35/41 hp.
Your +2 short sword of electrocution stops crackling.
Your +2 dagger of venom begins to drip with poison!
h - a +2 dagger of venom (weapon)
You start resting.
You feel sick. x2
You are no longer poisoned.
You take 1 damage, and have 34/41 hp.
A gnoll comes into view. It is wielding a +0 club.
A gnoll comes into view. It is wielding a +0 spear.
A gnoll comes into view. It is wielding a +0 flail.
You start resting.
A gnoll is nearby!
A gnoll comes into view. It is wielding a +0 spear.
The gnoll hits you but does no damage.
You hit the gnoll.
The gnoll is poisoned.
The gnoll closely misses you.
You hit the gnoll.
The gnoll looks as sick as possible!
The gnoll hits you but does no damage.
You hit the gnoll.
You kill the gnoll!
Beogh accepts your kill.
You have reached level 5!
You feel stronger.
You regained 5 hp, and now have 42/47 hp.
MP restored: 5 You hit the gnoll.
The gnoll is poisoned.
The gnoll hits you from afar with a +0 spear.
The gnoll hits you but does no damage.
You take 2 damage, and have 40/47 hp.
The gnoll attacks as you move away! The gnoll hits you with a +0 flail.
You take 3 damage, and have 37/47 hp.
You hit the gnoll.
The gnoll looks as sick as possible!
The gnoll closely misses you.
The gnoll drinks a potion.
The gnoll seems to grow stronger.
You kill the gnoll!
Beogh accepts your kill. The gnoll hits you but does no damage.
The gnoll hits you with a +0 spear.
You take 2 damage, and have 36/47 hp.
You hit the gnoll.
The gnoll is poisoned.
The gnoll hits you from afar with a +0 spear.
The gnoll hits you but does no damage.
You take 4 damage, and have 32/47 hp.
You hit the gnoll but do no damage.
The gnoll looks even sicker.
The gnoll hits you but does no damage. The gnoll barely misses you.
You closely miss the gnoll. The gnoll hits you with a +0 spear.
The gnoll hits you but does no damage.
You take 5 damage, and have 28/47 hp.
The gnoll attacks as you move away! The gnoll hits you with a +0 spear.
The gnoll hits you from afar with a +0 spear.
You take 9 damage, and have 19/47 hp.
You kill the gnoll!
Beogh accepts your kill. The gnoll hits you with a +0 spear.
Things that are here:
a +0 spear; 2 throwing nets {!d}; a gnoll corpse You take 4 damage, and have 17/47 hp.
You hit the gnoll but do no damage.
The gnoll is poisoned.
The gnoll hits you with a +0 spear!
* * * LOW HITPOINT WARNING * * *
You take 9 damage, and have 8/47 hp.
You hit the gnoll.
The gnoll looks as sick as possible!
The gnoll barely misses you.
You closely miss the gnoll. The gnoll misses you.
You hit the gnoll.
The gnoll looks as sick as possible!
The gnoll no longer looks unusually strong.
The gnoll hits you with a +0 spear!
* * * LOW HITPOINT WARNING * * *
You take 7 damage, and have 2/47 hp.
The gnoll attacks as you move away! The gnoll hits you with a +0 spear.
You die...

... ..# #.... #.# #.#
##.#.# #.# #.# .. .....#
#.# #.#
..###...###.####.####
............#.......# ##
#.###...###.#.##.##.# . #.#
#...###.#.##.##.##### #.#.#
#..g@...............#
#.#)###..#.####.##.##.###.#
#...)....#.# #.##.##.# #.#
+...######.# #.......# #<#
##..# #.########.### #.#
#..# .....# #.# #.# #..#
#.##.# #.# #.# #... ####.#
#.# #.# #.## #.####.#####.#
#.#


You could see a gnoll (extremely poisoned).

Vanquished Creatures
  2 orc wizards (D:3)
  3 gnolls (D:4)
  3 adders
  7 orcs
  3 endoplasms
  A giant cockroach (D:4)
  2 goblins
  3 hobgoblins
  4 jackals (D:3)
  2 ball pythons (D:3)
  2 bats (D:3)
  6 kobolds
  A rat (D:2)
39 creatures vanquished.

Vanquished Creatures (others)
  2 adders (D:3)
  An orc (D:3)
3 creatures vanquished.

Grand Total: 42 creatures vanquished

Notes
Turn   | Place    | Note
-------+----------+-------------------------------------------
     0 | D:1      | Firecrotchwizard the Hill Orc Monk began the quest for the
                  | Orb.
     0 | D:1      | Reached XP level 1. HP: 19/19 MP: 1/1
   155 | D:2      | Reached XP level 2. HP: 21/27 MP: 2/2
   202 | D:2      | Reached skill level 4 in Fighting
   241 | D:2      | Reached skill level 5 in Axes
   241 | D:2      | Reached XP level 3. HP: 32/33 MP: 3/3
   268 | D:3      | Found a shadowy altar of Dithmenos.
   307 | D:3      | Became a worshipper of Beogh the Brigand
   307 | D:3      | Reached * piety under Beogh
   307 | D:3      | Reached ** piety under Beogh
   476 | D:3      | Found a faded altar of an unknown god.
   521 | D:3      | Reached XP level 4. HP: 40/41 MP: 4/4
   534 | D:3      | Reached skill level 6 in Axes
   984 | D:3      | Found a basalt altar of Yredelemnul.
   984 | D:3      | Found a broken altar of Ashenzari.
  1236 | D:4      | Found Liveprep's Distillery.
  1463 | D:4      | Reached XP level 5. HP: 42/47 MP: 5/5
  1480 | D:4      | HP: 8/47 [gnoll/+0 spear (9)]
  1483 | D:4      | HP: 2/47 [gnoll/+0 spear (7)]
  1484 | D:4      | Slain by a gnoll

Illustrated notes

Levels and vault maps discovered:
D:1:      dpeg_arrival_round_b, layout_basic, minmay_misc_feat_tower,
          minmay_misc_feat_enclosed
D:2:      layout_rooms, minmay_circle_x
D:3:      layout_loops_cross, grunt_dithmenos_smoke,
          gammafunk_temple_overflow_statue,
          shapermc_ecumenical_altar_starsandcircs
D:4:      layout_loops_ring, nicolae_kikubaaqudgha_miasma_corner,
          minmay_temple_entry_hall, serial_shops, kennysheep_mini_moat,
          minmay_vboxes, uniq_edmund

Skill      XL: |  1  2  3  4 |
---------------+-------------+-----
Fighting       | 4 |  4.9
Axes           | 5 6 |  6.7
Dodging        | |  2.4
Stealth        | |  1.5

Action                     |  1- 3 |  4- 6 || total
---------------------------+-------+-------++-------
  Melee: Hand axe          |    34 |       ||    34
         Punch             |     1 |     1 ||     2
         War axe           |    28 |    26 ||    54
         Short sword       |       |    34 ||    34
         Dagger            |       |    12 ||    12
 Invoke: Convert to Beogh  |     1 |       ||     1
    Use: Scroll            |       |     4 ||     4
   Stab: Sleeping          |     2 |       ||     2
 Armour: Ring mail         |    24 |    22 ||    46
         Scale mail        |       |    10 ||    10
  Dodge: Dodged            |    22 |    33 ||    55

Table legend: (Time is in decaauts)
 A = Elapsed time spent in this place.
 B = Non-inter-level travel time spent in this place.
 C = Inter-level travel time spent in this place.
 D = Time resting spent in this place.
 E = Time spent auto-exploring this place.
 F = Levels seen in this place.
 G = Mean time per level.
                   A        B        C        D        E       F      G
               +--------+--------+--------+--------+--------+-----+--------+
         Total |   1499 |   1356 |    143 |     29 |    998 |   4 |  374.8 |
       Dungeon |   1499 |   1356 |    143 |     29 |    998 |   4 |  374.8 |
               +--------+--------+--------+--------+--------+-----+--------+

Top non-repeatable levels by time:
     D:3: 930 daAuts
     D:4: 306 daAuts
     D:1: 138 daAuts
     D:2: 124 daAuts

Table legend:
 A = Kills in this place as a percentage of kills in entire the game.
 B = Kills by you in this place as a percentage of kills by you in the entire game.
 C = Kills by friends in this place as a percentage of kills by friends in the entire game.
 D = Other kills in this place as a percentage of other kills in the entire game.
 E = Experience gained in this place as a percentage of experience gained in the entire game.
 F = Experience gained in this place divided by the number of levels of this place that you have seen.
                   A       B       C       D       E      F
               +-------+-------+-------+-------+-------+----------------------
         Total | 100.0 | 100.0 |   N/A |   N/A | 100.0 |  51.8
       Dungeon | 100.0 | 100.0 |   N/A |   N/A | 100.0 |  51.8
               +-------+-------+-------+-------+-------+----------------------
